 Dungeon Crawl Stone Soup version 0.32-a0-918-g0f22ef8d61 (webtiles) character file.

Game seed: 17163356702447342805

30116 jasper the Basher (level 13, -7/104 HPs)
             Began as a Demonspawn Fighter on Apr 11, 2024.
             Was a High Priest of Okawaru.
             Shot with an arrow by Nessos (12 damage)
             ... on level 3 of the Lair of Beasts.
             The game lasted 00:24:40 (14871 turns).

jasper the Basher (Demonspawn Fighter)             Turns: 14871, Time: 00:24:40

Health: -7/104     AC: 24    Str: 21    XL:     13   Next: 18%
Magic:  0/19       EV:  8    Int:  9    God:    Okawaru [*****.]
Gold:   537        SH: 14    Dex: 19    Spells: 12/12 levels left

rFire   . . .        P - +0 demon whip
rCold   . . .        E - +0 kite shield
rNeg    . . .        F - +0 plate armour
rPois   .            (helmet unavailable)
rElec   .            I - +0 cloak
rCorr   .            L - +0 pair of gloves
SInv    .            G - +1 pair of boots
Will    .....        M - amulet of faith Stlth
                     e - ring of willpower
HPRegen 0.37/turn    k - +6 ring of dexterity
MPRegen 0.32/turn

%: guardian spirit, faith
@: lethally poisoned (-7 -> -16), weak-willed, heroic, finesse-ful
A: horns 3, icemail 1, magic shield, magic regeneration, sharp scales 2,
condensation shield
a: Renounce Religion, Heroism, Finesse, Duel


You were on level 3 of the Lair of Beasts.
You worshipped Okawaru.
Okawaru was extremely pleased with you.
You visited 3 branches of the dungeon, and saw 15 of its levels.

You collected 897 gold pieces.
You spent 360 gold pieces at shops.

Inventory:

Hand Weapons
 a - a +0 flail
 i - a +0 whip
 s - a +1 morningstar
 P - a +0 demon whip (weapon)
Missiles
 f - 128 stones
 g - 3 curare-tipped darts
 l - 67 poisoned darts
 t - 5 boomerangs (quivered)
 y - a throwing net
 S - 7 silver javelins
 W - a javelin
Armour
 b - a +0 scale mail
 c - a +0 buckler
 u - a +0 chain mail
 E - a +0 kite shield (worn)
 F - a +0 plate armour (worn)
 G - a +1 pair of boots (worn)
 I - a +0 cloak (worn)
 L - a +0 pair of gloves (worn)
Jewellery
 e - a ring of willpower (left hand)
 k - a +6 ring of dexterity (right hand)
 x - a +5 ring of evasion
 B - a +6 ring of intelligence
 M - an amulet of faith (around neck)
 R - an amulet of reflection
 V - a ring of see invisible
Wands
 d - a wand of polymorph (21)
 A - a wand of flame (21)
 N - a wand of digging (3)
Scrolls
 h - a scroll of blinking
 m - 3 scrolls of fear
 n - 3 scrolls of poison
 J - 4 scrolls of enchant armour
 K - 2 scrolls of amnesia
 Q - 2 scrolls of enchant weapon
 T - 2 scrolls of teleportation
 U - a scroll of identify
Potions
 j - 4 potions of enlightenment
 o - 3 potions of curing
 p - 3 potions of mutation
 q - 3 potions of lignification
 r - a potion of magic
 v - 4 potions of brilliance
 w - a potion of cancellation {unknown}
 z - 2 potions of heal wounds {unknown}
 C - 3 potions of attraction {unknown}
 D - a potion of ambrosia {unknown}
Miscellaneous
 O - a lightning rod (inert)


   Skills:
 + Level 10.5(15.5) Fighting
 - Level 12.7(17.7) Maces & Flails
 - Level 3.0(8.0) Throwing
 + Level 9.5(14.5) Armour
 + Level 9.1(14.1) Shields
 - Level 8.0 Invocations


You had 12 spell levels left.
You didn't know any spells.
Your spell library contained the following spells:

 Spells                   Type           Power      Damage    Failure   Level
 Magic Dart               Conj           0%         1d3       100%        1
 Sandblast                Erth           0%         2d4       100%        1
 Blink                    Tloc           0%         N/A       100%        2
 Jinxbite                 Hex            0%         N/A       100%        2
 Scorch                   Fire           0%         2d5       100%        2
 Hailstorm                Conj/Ice       0%         3d5       100%        3
 Inner Flame              Hex/Fire       0%         N/A       100%        3
 Passwall                 Erth           0%         N/A       100%        3
 Stone Arrow              Conj/Erth      0%         3d7       100%        3
 Teleport Other           Tloc           0%         N/A       100%        3
 Volatile Blastmotes      Fire/Tloc      0%         2d10      100%        3
 Brom's Barrelling Bould  Conj/Erth      0%         2d3       100%        4
 Flame Wave               Conj/Fire      0%         2d4       100%        4
 Fulminant Prism          Conj/Alch      0%         3d5       100%        4
 Iskenderun's Mystic Bla Conj/Tloc 0%             2d3        (+2d1     100%        4
 Leda's Liquefaction      Alch/Erth      0%         N/A       100%        4
 Olgreb's Toxic Radiance  Alch           0%         N/A       100%        4
 Passage of Golubria      Tloc           0%         N/A       100%        4
 Petrify                  Alch/Erth      0%         N/A       100%        4
 Sticky Flame             Fire/Alch      0%         2d4       100%        4
 Vhi's Electric Charge    Tloc/Air       0%         N/A       100%        4
 Metabolic Englaciation   Hex/Ice        0%         N/A       100%        5
 Yara's Violent Unravell  Hex/Alch       0%         3d3       100%        5
 Bombard                  Conj/Erth      0%         9d1       100%        6
 Dispersal                Tloc           0%         N/A       100%        6
 Gell's Gavotte           Tloc           0%         2d(11-16) 100%        6
 Permafrost Eruption      Ice/Erth       0%         2x4d1     100%        6
 Enfeeble                 Hex            0%         N/A       100%        7
 Ozocubu's Refrigeration  Ice            0%         4d7       100%        7
 Discord                  Hex            0%         N/A       100%        8
 Call Imp                 Summ           Unusable   N/A       N/A         2
 Summon Ice Beast         Ice/Summ       Unusable   N/A       N/A         3
 Tukima's Dance           Hex            Unusable   N/A       N/A         3
 Sculpt Simulacrum        Ice/Alch       Unusable   N/A       N/A         6
 Summon Cactus Giant      Summ           Unusable   N/A       N/A         6

Dungeon Overview and Level Annotations

Branches:
Dungeon (11/15)            Temple (1/1) D:6            Lair (3/5) D:11
  Swamp (0/4) Lair:3       Spider (0/4) Lair:2
    Orc: D:9-12

Altars:
Ashenzari
Cheibriados
Dithmenos
Fedhas
Gozag
Hepliaklqana
Kikubaaqudgha
Makhleb
Nemelex Xobeh
Okawaru
Qazlal
Ru
Sif Muna
Trog
Uskayaw
Vehumet
Wu Jian
Xom
Yredelemnul

Shops:
D:9 =

Annotations:
D:3 1 runed translucent door, Crazy Yiuf
Lair:2 exclusion: oklob plant
Lair:3 Nessos, Sonja


Innate Abilities, Weirdness & Mutations

You have a pair of large horns on your head.
A meltable icy envelope protects you from harm. (AC +0)
When hurt, damage is shared between your health and your magic reserves.
You regenerate magic rapidly.
You are mostly covered in razor-sharp scales. (AC +2, Slay +2)
A meltable shield of frost defends you. (SH +0)


Message History

Nessos shoots an arrow.
The arrow hits you.
* * * LOW HITPOINT WARNING * * *
The arrow burns you.
You take 4 damage, and have 11/104 hp.
You now have 4/19 mp.
You hit the bush. You headbutt the bush.
The bush is heavily damaged.
You whack the bush!
The bush is heavily damaged.
Nessos shoots an arrow.
The arrow hits you.
* * * LOW HITPOINT WARNING * * *
The arrow burns you.
You are poisoned.
You take 2 damage, and have 9/104 hp.
You now have 3/19 mp.
You hit the bush but do no damage.
The bush is heavily damaged.
* * * LOW HITPOINT WARNING * * *
You feel sick.
Nessos gestures wildly while chanting.
Nessos blinks!
You feel better.
Nessos gestures wildly while chanting.
Nessos blinks!
Nessos shoots an arrow.
The arrow closely misses you.
You regained 8 hp, and now have 17/104 hp.
Okay, then.
As you read the scroll of vulnerability, it crumbles to dust.
A wave of despondency washes over your surroundings.
Nessos shoots an arrow.
The arrow hits you!
* * * LOW HITPOINT WARNING * * *
The arrow burns you.
You are lethally poisoned!
* * * LOW HITPOINT WARNING * * *
You take 9 damage, and have 8/104 hp.
You now have 2/19 mp.
Aiming: Polymorph
Press: ? - help, Shift-Dir - straight line, f - Nessos
Aim: Nessos, wielding a +3 longbow of flaming and wearing a +2 barding (moderately wounded, fast, weak-willed, will become a dream sheep, a cane toad, or a glowing shapeshifter, chance to affect: 57%) Nessos resists with significant effort.
* * * LOW HITPOINT WARNING * * *
You feel very sick.
Nessos shoots an arrow.
The arrow hits you!
You die...

#### #### #...###
#..##......#
##.P##PP#....c...
....P.P@.........
.................
.................
.................
.#P#.##.P....ยงยง..
# ## ####.......
....... ..h....


You could see Nessos (fast, weak-willed) and a wolf.

Vanquished Creatures
  A hydra (Lair:2)
  An ogre mage (D:10)
  3 two-headed ogres
  A tengu warrior (D:10)
  A death yak (Lair:3)
  Urug (Lair:2)
  2 spriggan druids (Lair:3)
  2 ugly things (D:10)
  A cyclops (D:10)
  A black mamba (Lair:3)
  4 elephants (Lair:1)
  8 cane toads
  A gargoyle (D:11)
  A rime drake (Lair:1)
  A kobold demonologist (D:8)
  An unseen horror (D:10)
  5 komodo dragons
  2 hornets
  A troll (D:11)
  Grinder (D:4)
  2 polar bears (Lair:2)
  2 slime creatures (D:10)
  Sigmund (D:2)
  7 blink frogs
  2 culicivoras (Lair:2)
  A centaur simulacrum (D:10)
  5 wyverns
  A wraith (D:11)
  A shadow (D:11)
  31 yaks
  3 basilisks
  2 redbacks (Lair:2)
  2 vampire mosquitoes (D:11)
  2 acid dragons (D:11)
  8 water moccasins
  3 ice beasts
  3 orc warriors
  6 black bears
  12 wolves
  2 ogres
  3 centaurs
  3 phantoms
  9 kobold brigands
  8 bullfrogs
  A gnoll sergeant (D:11)
  2 scorpions
  A burial acolyte (D:7)
  15 wights
  3 howler monkeys
  3 bombardier beetles
  6 orc priests
  A gnoll bouda (D:8)
  3 hounds
  4 jellies
  A human skeleton (D:4)
  2 sleepcaps
  4 iguanas
  11 orc wizards
  A hound skeleton (D:4)
  2 hound zombies (D:7)
  10 gnolls
  3 adders
  3 shadow imps
  2 white imps
  An adder zombie (D:7)
  A ribbon worm (D:4)
  5 dart slugs
  28 orcs
  6 endoplasms
  2 giant cockroaches
  2 gnoll zombies (D:7)
  7 hobgoblins
  3 jackals (D:1)
  15 kobolds
  4 quokkas
  2 bats
  6 frilled lizards
  3 goblins
  A goblin skeleton (D:3)
  A hobgoblin zombie (D:3)
  A kobold skeleton (D:3)
  4 kobold zombies
  4 orc skeletons (D:3)
  9 rats
341 creatures vanquished.

Vanquished Creatures (others)
  A hound (D:5)
1 creature vanquished.

Grand Total: 342 creatures vanquished

Notes
Turn   | Place    | Note
-------+----------+-------------------------------------------
     0 | D:1      | jasper the Demonspawn Fighter began the quest for the Orb.
     0 | D:1      | Reached XP level 1. HP: 18/18 MP: 1/1
    79 | D:1      | Reached skill level 2 in Maces & Flails
   164 | D:1      | Gained mutation: You are partially covered in razor-sharp
                  | scales. (AC +1, Slay +1) [demonic ancestry]
   164 | D:1      | Reached XP level 2. HP: 24/24 MP: 2/2
   296 | D:1      | Found a faded altar of an unknown god.
   373 | D:1      | Reached skill level 3 in Maces & Flails
   688 | D:1      | Gained mutation: You regenerate magic rapidly. [demonic
                  | ancestry]
   688 | D:1      | Reached XP level 3. HP: 29/29 MP: 3/3
   996 | D:2      | Found a snail-covered altar of Cheibriados.
  1468 | D:2      | Noticed Sigmund
  1478 | D:2      | Killed Sigmund
  1479 | D:2      | Reached skill level 5 in Maces & Flails
  1479 | D:2      | Gained mutation: When hurt, damage is shared between your
                  | health and your magic reserves. [demonic ancestry]
  1479 | D:2      | Reached XP level 4. HP: 21/35 MP: 4/4
  1479 | D:2      | Reached XP level 5. HP: 25/41 MP: 5/5
  1932 | D:3      | Reached XP level 6. HP: 45/47 MP: 4/6
  2030 | D:3      | Found a runed translucent door.
  2031 | D:3      | Noticed Crazy Yiuf
  2090 | D:3      | Found an opulent altar of Gozag.
  2222 | D:4      | Reached skill level 6 in Maces & Flails
  2362 | D:4      | Noticed Grinder
  2381 | D:4      | Paralysed by Grinder for 5 turns
  2388 | D:5      | Entered Level 5 of the Dungeon
  2767 | D:5      | Noticed a water moccasin
  2776 | D:5      | Killed a water moccasin
  2783 | D:5      | Reached skill level 7 in Maces & Flails
  2912 | D:5      | Gained mutation: A meltable shield of frost defends you.
                  | (SH +0) [demonic ancestry]
  2912 | D:5      | Reached XP level 7. HP: 15/52 MP: 2/7
  3364 | D:5      | Reached skill level 8 in Maces & Flails
  3715 | D:6      | Gained mutation: You have a pair of small horns on your
                  | head. [demonic ancestry]
  3715 | D:6      | Reached XP level 8. HP: 56/58 MP: 8/8
  3723 | D:6      | Reached skill level 9 in Maces & Flails
  4418 | D:6      | Reached skill level 10 in Maces & Flails
  4434 | D:6      | Found a staircase to the Ecumenical Temple.
  4570 | Temple   | Entered the Ecumenical Temple
  4587 | Temple   | Became a worshipper of Warmaster Okawaru
  4649 | D:4      | Paralysed by Grinder for 3 turns
  4652 | D:4      | Killed Grinder
  4799 | D:4      | You fall into a shaft and drop 3 floors!
  4971 | D:4      | Found a burning altar of Makhleb.
  5254 | D:4      | Reached XP level 9. HP: 65/65 MP: 9/9
  5363 | D:4      | Found an ornate altar of the Wu Jian Council.
  5656 | D:7      | Found an ancient bone altar of Kikubaaqudgha.
  5762 | D:7      | Reached * piety under Okawaru
  6048 | D:7      | Reached skill level 1 in Invocations
  6670 | D:8      | Noticed a kobold demonologist
  6676 | D:8      | Killed a kobold demonologist
  6677 | D:8      | Reached skill level 5 in Fighting
  6677 | D:8      | Reached skill level 11 in Maces & Flails
  6693 | D:8      | Reached ** piety under Okawaru
  7374 | D:8      | Gained mutation: A meltable icy envelope protects you from
                  | harm. (AC +0) [demonic ancestry]
  7374 | D:8      | Reached XP level 10. HP: 69/70 MP: 11/11
  7486 | D:8      | Reached skill level 5 in Armour
  7831 | D:8      | Reached *** piety under Okawaru
  8698 | D:9      | Reached skill level 5 in Shields
  8938 | D:9      | Found Baetaima's Jewellery Boutique.
  8940 | D:9      | Noticed a two-headed ogre
  8963 | D:9      | Killed a two-headed ogre
  8964 | D:9      | Reached skill level 12 in Maces & Flails
  9108 | D:9      | Reached **** piety under Okawaru
  9572 | D:10     | Entered Level 10 of the Dungeon
  9953 | D:10     | Gained mutation: You are mostly covered in razor-sharp
                  | scales. (AC +2, Slay +2) [demonic ancestry]
  9953 | D:10     | Reached XP level 11. HP: 64/83 MP: 9/12
 10137 | D:10     | Reached skill level 1 in Throwing
 10201 | D:10     | Noticed a two-headed ogre
 10209 | D:10     | Killed a two-headed ogre
 10262 | D:10     | Noticed a tengu warrior
 10273 | D:10     | Killed a tengu warrior
 10274 | D:10     | Reached skill level 5 in Invocations
 10324 | D:10     | Noticed a brown ugly thing
 10324 | D:10     | Noticed an ogre mage
 10343 | D:10     | Killed a brown ugly thing
 10356 | D:10     | Paralysed by an ogre mage for 4 turns
 10365 | D:10     | Killed an ogre mage
 10366 | D:10     | Noticed a purple ugly thing
 10373 | D:10     | Killed a purple ugly thing
 10383 | D:10     | Identified the +5 longbow of Wondrous Power {flame, rN+
                  | Will+ Int+6}
 10448 | D:10     | Identified the +0 short sword of Dung {holy, MP-9 Int+3
                  | Stlth+}
 10541 | D:10     | Noticed a two-headed ogre
 10554 | D:10     | Killed a two-headed ogre
 11081 | D:10     | Found a shimmering blue altar of Sif Muna.
 11337 | D:11     | Found a staircase to the Lair.
 11977 | D:9      | Bought an amulet of reflection for 360 gold pieces
 12110 | D:11     | Found an iron altar of Okawaru.
 12250 | Lair:1   | Entered Level 1 of the Lair of Beasts
 12279 | Lair:1   | Reached ***** piety under Okawaru
 12305 | Lair:1   | Gained mutation: You have a pair of horns on your head.
                  | [demonic ancestry]
 12305 | Lair:1   | Reached XP level 12. HP: 83/92 MP: 18/18
 12341 | Lair:1   | Received a gift from Okawaru
 13364 | Lair:2   | Received a gift from Okawaru
 13492 | Lair:2   | Found a hole to the Spider Nest.
 13903 | Lair:2   | Noticed an eight-headed hydra
 13925 | Lair:2   | Killed an eight-headed hydra
 14147 | Lair:2   | Noticed Urug
 14169 | Lair:2   | Killed Urug
 14169 | Lair:2   | Received a gift from Okawaru
 14170 | Lair:2   | Reached skill level 10 in Fighting
 14620 | Lair:3   | Gained mutation: You have a pair of large horns on your
                  | head. [demonic ancestry]
 14620 | Lair:3   | Reached XP level 13. HP: 99/103 MP: 19/19
 14777 | Lair:3   | Found a staircase to the Swamp.
 14825 | Lair:3   | Noticed Nessos
 14828 | Lair:3   | Noticed Sonja
 14835 | Lair:3   | Received a gift from Okawaru
 14871 | Lair:3   | HP: 5/104 [poisoned by Nessos]
 14871 | Lair:3   | Shot with an arrow by Nessos

Illustrated notes

Levels and vault maps discovered:
D:1:      dpeg_arrival_prison, layout_rooms,
          hellmonk_ecumenical_altar_crossroads, minmay_door_square,
          nicolae_houndstooth_variations
D:2:      layout_loops_ring, basic_altar, feat_on_display, uniq_sigmund
D:3:      layout_rooms, mainiacjoe_overflow_alcove_4,
          nicolae_tso_besieged_by_evil, uniq_crazy_yiuf_cottage
D:4:      layout_basic, mainiacjoe_overflow_boulevard,
          makhleb_blood_cavern_becter, serial_bayou_ford_a, uniq_grinder
D:5:      layout_basic
D:6:      layout_rooms, minmay_temple_entry_large_hall
D:7:      layout_loops_corners, regret_index_kikubaaqudgha_part_by_part
D:8:      layout_cave_pods, special_room [special_room_kobold]
D:9:      layout_small_grid, serial_shops, nicolae_shop_hallway_plus
D:10:     minmay_the_grid_triangle_9x9_rhombus_thin
          [minmay_the_grid_triangle_9x9_limited_checkers,
          minmay_the_grid_triangle_9x9_prize_schism,
          minmay_the_grid_triangle_9x9_wacky_v,
          minmay_the_grid_triangle_9x9_descending_squares], layout_layer_cave,
          nicolae_sif_muna_condensation
D:11:     layout_cave_pods, erik_lair_orcish_takeover, okawaru_altar_gauntlet_db
Temple:   eino_temple_scatter_basement
Lair:1:   layout_hall_layers, lemuel_fruit_tree
Lair:2:   layout_chaotic_city, spider_nest_entry_funnel_web,
          serial_bayou_lagoon_a, minivault_26, minmay_lair_oklob_items,
          grunt_megastairs_4, uniq_urug
Lair:3:   layout_gridlike, mainiacjoe_swamp_entry_angry_trees,
          serial_bayou_shore_b, uniq_nessos, uniq_snorg, uniq_sonja

Skill      XL: |  1  2  3  4  5  6  7  8  9 10 11 12 13 |
---------------+----------------------------------------+-----
Maces & Flails | 2 3 5 7 8 10 11 12 | 12.7
Armour         | 3 4 6 7 9 |  9.5
Fighting       | 4 5 6 8 10 | 10.5
Shields        | 4 5 6 8 9 |  9.1
Invocations    | 2 8 |  8.0
Throwing       | 3 |  3.0

Action                     |  1- 3 |  4- 6 |  7- 9 | 10-12 | 13-15 || total
---------------------------+-------+-------+-------+-------+-------++-------
  Melee: Flail             |    79 |   129 |    46 |       |       ||   254
         Morningstar       |       |       |   280 |   340 |       ||   620
         Headbutt          |       |       |    69 |   207 |    23 ||   299
         Demon whip        |       |       |       |   474 |    81 ||   555
  Throw: Stone             |     1 |     9 |     9 |       |       ||    19
         Boomerang         |       |       |    17 |    30 |     2 ||    49
         Javelin           |       |       |       |     2 |       ||     2
 Invoke: Heroism           |       |       |     3 |     8 |     1 ||    12
         Finesse           |       |       |       |     3 |     1 ||     4
  Evoke: Lightning rod     |       |       |       |       |     4 ||     4
         Wand              |       |       |       |       |     1 ||     1
    Use: Scroll            |     2 |       |     2 |    14 |     3 ||    21
         Potion            |     1 |     2 |     3 |       |     1 ||     7
   Stab: Invisible         |       |     3 |       |       |       ||     3
 Armour: Scale mail        |    57 |    91 |    44 |       |       ||   192
         Chain mail        |       |       |    84 |       |       ||    84
         Plate armour      |       |       |   138 |   403 |    41 ||   582
  Dodge: Dodged            |    40 |    47 |    58 |   104 |    14 ||   263
  Block: Buckler           |    17 |    24 |    63 |       |       ||   104
         Kite shield       |       |       |   154 |   497 |    65 ||   716
         Reflection        |       |       |       |     4 |       ||     4

Table legend: (Time is in decaauts)
 A = Elapsed time spent in this place.
 B = Non-inter-level travel time spent in this place.
 C = Inter-level travel time spent in this place.
 D = Time resting spent in this place.
 E = Time spent auto-exploring this place.
 F = Levels seen in this place.
 G = Mean time per level.
                   A        B        C        D        E       F      G
               +--------+--------+--------+--------+--------+-----+--------+
         Total |  14749 |  13804 |    945 |    629 |  10194 |  15 |  983.3 |
       Dungeon |  12281 |  11408 |    873 |    618 |   8375 |  11 | 1116.5 |
        Temple |     34 |      2 |     32 |      0 |      0 |   1 |   34.0 |
          Lair |   2433 |   2394 |     39 |     11 |   1818 |   3 |  811.0 |
               +--------+--------+--------+--------+--------+-----+--------+

Top non-repeatable levels by time:
    D:10: 1703 daAuts
     D:7: 1666 daAuts
     D:8: 1565 daAuts
     D:5: 1436 daAuts
  Lair:2: 1338 daAuts
     D:6: 984 daAuts
     D:9: 980 daAuts
     D:1: 877 daAuts
     D:4: 871 daAuts
  Lair:1: 867 daAuts
    D:11: 845 daAuts
     D:2: 720 daAuts
     D:3: 630 daAuts
  Lair:3: 227 daAuts
  Temple: 34 daAuts
